 Dungeon Crawl Stone Soup version 0.28.0-49-g6dfe1f597d (webtiles) character file.

Game seed: 4211906022617191542

77 Zeld the Digger (level 4, -3/26 HPs)
             Began as a Gargoyle Earth Elementalist on May 18, 2022.
             Slain by a hobgoblin (5 damage)
             ... led by Robin
             ... on level 3 of the Dungeon.
             The game lasted 00:03:06 (3094 turns).

Zeld the Digger (Gargoyle Earth Elementalist)       Turns: 3094, Time: 00:03:06

Health: -3/26      AC:  6    Str: 12    XL:     4   Next: 34%
Magic:  4/8        EV: 11    Int: 17    God:
Gold:   81         SH:  0    Dex: 10    Spells: 2/8 levels left

rFire   . . .      SeeInvis .   (no weapon)
rCold   . . .      Faith    .   (no shield)
rNeg    + . .      Spirit   .   b - +0 robe
rPois   ∞          Reflect  .   (no helmet)
rElec   +          Harm     .   e - +0 cloak
rCorr   .          Rampage  .   (no gloves)
Will    .....                   (no boots)
Stlth   ++........              (no amulet)
HPRegen 0.08/turn               (no ring)
MPRegen 0.11/turn               (no ring)

@: no status effects
A: sickness immunity, AC +3, negative energy resistance 1, electricity
resistance, torment resistance 1, petrification resistance
a: no special abilities


You were on level 3 of the Dungeon.
You visited 1 branch of the dungeon, and saw 4 of its levels.

You collected 81 gold pieces.

Inventory:

Armour
 b - a +0 robe (worn)
 e - a +0 cloak (worn)
Scrolls
 h - 4 scrolls of identify {unknown}
Potions
 a - a potion of flight {unknown}
 d - 2 potions of degeneration {unknown}
 f - a potion of lignification {unknown}
 g - a potion of heal wounds {unknown}
 i - a potion of curing {unknown}


   Skills:
 * Level 2.0 Fighting
 - Level 1.5 Dodging
 + Level 2.7 Stealth
 * Level 2.7 Spellcasting
 - Level 1.0 Transmutations
 * Level 4.4 Earth Magic


You had 2 spell levels left.
You knew the following spells:

 Your Spells              Type           Power      Damage    Failure   Level
a - Sandblast             Erth           34%        2d9       3%          1
b - Passwall              Tmut/Erth      9%         N/A       9%          2
c - Stone Arrow           Conj/Erth      18%        3d8       22%         3

Your spell library contained the following spells:

 Spells                   Type           Power      Damage    Failure   Level
 Petrify                  Tmut/Erth      11%        N/A       52%         4


Dungeon Overview and Level Annotations

Branches:
Dungeon (4/15)
 Temple: D:4-7

Altars:

Annotations:
D:3 Grinder, Robin


Innate Abilities, Weirdness & Mutations

You are immune to sickness and miasma.
Your stone body is resilient. (AC +3)
You are immune to poison.
You resist negative energy. (rN+)
You are resistant to electric shocks. (rElec)
You are resistant to unholy torment.
You are immune to petrification.


Message History

Aim: a goblin, wielding a +0 dagger (55% to hit)
The stone arrow hits the goblin!
You kill the goblin!
Robin roars a battlecry!
The goblin goes into a battle-frenzy!
There is a stone staircase leading down here.
The goblin hits you but does no damage.
You climb downwards.
The orc priest shouts!
You hear a shout! x2
Found a lumpy black potion.
Found a stone staircase leading down.
There is a stone staircase leading up here.
You completely miss the goblin. The goblin barely misses you.
You hit the goblin.
The goblin is severely wounded.
The goblin hits you but does no damage.
An orc comes into view. It is wielding a +0 club.
You barely miss the goblin.
The goblin is severely wounded.
The goblin completely misses you.
You barely miss the goblin.
The goblin is severely wounded.
The goblin barely misses you.
The orc priest hits you with a +0 short sword.
You hit the goblin.
You kill the goblin!
You climb upwards.
Level annotation: Grinder, Robin The hobgoblin hits you.
There is a stone staircase leading down here.
The hobgoblin hits you.
* * * LOW HITPOINT WARNING * * *
The orc misses you. The hobgoblin hits you.
* * * LOW HITPOINT WARNING * * *
The hobgoblin no longer looks unusually strong.
The goblin no longer looks unusually strong.
Robin roars a battlecry!
The goblins go into a battle-frenzy!
The hobgoblin hits you.
You die...

########### ##..
#.........# .#..
#.........# .#..
#.........# ##..
#.g@......# .#
#####.g.......# #..#
#...go.######.# #..#
#......#...
##..######..g...#.#
.......##.#.....#....
..##...##?#.....####.
..##.................
..+..........>.......


You could see Robin, an orc, a hobgoblin (strong) and 2 goblins.

Vanquished Creatures
  Natasha (D:2)
  An adder (D:2)
  3 bats
  3 endoplasms
  4 giant cockroaches
  3 hobgoblins
  2 quokkas (D:2)
  5 ball pythons
  2 frilled lizards (D:1)
  11 goblins
  3 kobolds
  2 rats (D:1)
40 creatures vanquished.

Notes
Turn   | Place    | Note
-------+----------+-------------------------------------------
     0 | D:1      | Zeld the Gargoyle Earth Elementalist began the quest for
                  | the Orb.
     0 | D:1      | Reached XP level 1. HP: 10/10 MP: 3/3
    11 | D:1      | Found a faded altar of an unknown god.
   295 | D:1      | Reached XP level 2. HP: 14/16 MP: 3/5
   453 | D:1      | Reached skill level 1 in Transmutations
   585 | D:1      | Reached skill level 1 in Fighting
   649 | D:1      | Learned a level 2 spell: Passwall
  1277 | D:2      | Reached skill level 4 in Earth Magic
  1515 | D:2      | Noticed Natasha
  1518 | D:2      | Killed Natasha
  1519 | D:2      | Reached XP level 3. HP: 20/20 MP: 3/6
  1523 | D:2      | Learned a level 3 spell: Stone Arrow
  1762 | D:2      | Reached XP level 4. HP: 26/26 MP: 5/7
  2287 | D:3      | Noticed Grinder
  3053 | D:3      | Noticed Robin
  3094 | D:3      | Slain by a hobgoblin

Illustrated notes

Levels and vault maps discovered:
D:1:      saegor_arrival_simple_b, layout_basic, basic_ecumenical_altar
D:2:      layout_loops_corners, feat_on_display, uniq_natasha
D:3:      layout_basic, serial_co_window_serial, co_window_paths_b,
          co_window_paths_b, co_window_of_opportunity_a, co_window_corner_a,
          co_window_paths_a, co_window_paths_a, co_window_cross_1,
          co_window_of_opportunity_a, co_window_paths_b, co_window_paths_c,
          co_window_cross_2, co_window_corner_b, co_window_2corner,
          co_window_paths_d, glass_columns_b, glass_columns_a, serial_shops,
          shop, kennysheep_generic_room_9, uniq_robin, uniq_terence,
          uniq_grinder
D:4:      layout_loops_ring

Skill      XL: |  1  2  3  4 |
---------------+-------------+-----
Transmutations | 1 |  1.0
Fighting       | 1 2 |  2.0
Earth Magic    | 4 |  4.4
Dodging        | |  1.5
Stealth        | |  2.7
Spellcasting   | |  2.7

Action                   |  1- 3 |  4- 6 || total
-------------------------+-------+-------++-------
Melee: Unarmed           |    10 |   101 ||   111
       Punch             |     1 |       ||     1
 Cast: Sandblast         |    35 |     6 ||    41
       Stone Arrow       |       |     2 ||     2
 Stab: Sleeping          |     1 |       ||     1
Armor: Robe              |     6 |    57 ||    63
Dodge: Dodged            |     9 |    78 ||    87
